 Dungeon Crawl Stone Soup version 0.26-a0-812-g31a745ddcd (webtiles) character file.

Game seed: 14980676272493338798

51 Dracia the Conjurer (level 3, -2/26 HPs)
             Began as a Draconian Conjurer on Dec 9, 2020.
             Slain by Terence
             ... wielding a +1 flail of protection
              (8 damage)
             ... on level 2 of the Dungeon.
             The game lasted 00:03:23 (2210 turns).

Dracia the Conjurer (Draconian Conjurer)            Turns: 2210, Time: 00:03:24

Health: -2/26      AC:  6    Str:  9      XL:     3   Next: 58%
Magic:  1/7        EV: 12    Int: 17 (19) God:
Gold:   49         SH:  0    Dex:  8 (9)  Spells: 5/8 levels left

rFire    . . .     SeeInvis .   h - +0 dagger (curse)
rCold    . . .     Faith    .   (no shield)
rNeg     . . .     Spirit   .   (armour unavailable)
rPois    .         Reflect  .   (helmet restricted)
rElec    .         Harm     .   (no cloak)
rCorr    .         Rampage  .   (no gloves)
MR       .....                  a - +0 pair of boots
Stlth    ++........             (no amulet)
HPRegen  0.08/turn              (no ring)
MPRegen  0.10/turn              (no ring)

@: no status effects
A: unfitting armour, cold-blooded, AC +5
a: no special abilities


You were on level 2 of the Dungeon.
You visited 1 branch of the dungeon, and saw 2 of its levels.

You collected 49 gold pieces.


Innate Abilities, Weirdness & Mutations

Your plain brown scales are hard. (AC +5)
You cannot fit into any form of body armour.
You are cold-blooded and may be slowed by cold attacks.


   Skills:
 - Level 1.7 Dodging
 - Level 1.7 Stealth
 + Level 3.0 Spellcasting
 + Level 4.7 Conjurations


You had 5 spell levels left.
You knew the following spells:

 Your Spells              Type           Power        Failure   Level
s - Searing Ray           Conj           ###...       3%          2
z - Magic Dart            Conj           ###.         2%          1

Your spell library contained the following spells:

 Spells                   Type           Power        Failure   Level
 Dazzling Flash           Conj/Hex       ##....       21%         3
 Fulminant Prism          Conj/Hex       ##........   54%         4
 Iskenderun's Mystic Bla  Conj/Tloc      ##......     54%         4

Inventory:

Hand Weapons
 b - a +0 dagger
 h - a cursed +0 dagger (weapon)
Armour
 a - a +0 pair of boots (worn)
Scrolls
 c - a scroll of fear {unknown}
 e - a scroll of identify {@r1@r1}
 f - a scroll of teleportation {@r4@r4}

Dungeon Overview and Level Annotations

Branches:
Dungeon (2/15)

Altars:

Annotations:
D:2 Terence

#.....## #......#
###.##.# #.##.##
#.##..# .#
#.###.###### .
#.#........# .###
#.#........# .....
#.#....@...###.....
#.#....@.........#
#####.###..#...#
#.>##<.# ..
#..##..# #
#..###.#..#
#.........#
#.............
#..###.##.##.#


You could see Terence.


Message History

* * * LOW HITPOINT WARNING * * *
The searing ray hits Terence but does no damage.
Terence is severely wounded.
You finish channeling your searing ray.
Terence closely misses you.
You closely miss Terence.
You tail-slap Terence, but do no damage.
Terence is severely wounded.
Terence misses you.
You closely miss Terence.
Your tail-slap misses Terence.
Terence is severely wounded.
Terence closely misses you.
You hit Terence.
Terence is almost dead.
Terence misses you.
You hit Terence but do no damage.
Terence is almost dead.
Terence hits you but does no damage.
You hit Terence but do no damage.
Terence is almost dead.
You barely miss Terence.
Terence is almost dead.
Terence closely misses you.
You barely miss Terence.
Terence is almost dead.
Terence closely misses you.
You hit Terence but do no damage.
Terence is almost dead.
Terence hits you with a +1 flail of protection!
You die...

Skill      XL: |  1  2  3 |
---------------+----------+-----
Spellcasting   | 3 |  3.0
Dodging        | |  1.7
Stealth        | |  1.7
Conjurations   | |  4.7

Action                   || total
-------------------------++-------
Melee: Unarmed           ||     5
       Dagger            ||    95
       Tailslap          ||     7
 Cast: Magic Dart        ||    54
       Searing Ray       ||     5
  Use: Potion            ||     2
       Scroll            ||     1
Armor: Skin              ||    52
Dodge: Dodged            ||   111

Levels and vault maps discovered:
D:1:      nzn_arrival_water_spiral, layout_loops_ring
D:2:      minmay_chambers_of_twos, layout_basic, due_unseen_surprise,
          uniq_natasha, uniq_robin, uniq_terence

Notes
Turn   | Place    | Note
-------+----------+-------------------------------------------
     0 | D:1      | Dracia the Draconian Conjurer began the quest for the Orb.
     0 | D:1      | Reached XP level 1. HP: 14/14 MP: 3/3
   162 | D:1      | Reached XP level 2. HP: 10/20 MP: 1/5
   166 | D:1      | Learned a level 2 spell: Searing Ray
  1246 | D:2      | Noticed Robin
  1266 | D:1      | Killed Robin
  1266 | D:1      | Reached XP level 3. HP: 14/26 MP: 1/7
  1848 | D:1      | Reached skill level 3 in Spellcasting
  2117 | D:2      | Noticed Terence
  2210 | D:2      | Slain by Terence

Vanquished Creatures
  Robin (D:1)
  A ball python (D:1)
  A giant cockroach (D:1)
  8 goblins (D:1)
  10 hobgoblins (D:1)
  2 jackals (D:1)
  2 bats (D:1)
  4 frilled lizards
  A kobold (D:1)
  8 rats (D:1)
38 creatures vanquished.

Table legend: (Time is in decaauts)
 A = Elapsed time spent in this place.
 B = Non-inter-level travel time spent in this place.
 C = Inter-level travel time spent in this place.
 D = Time resting spent in this place.
 E = Time spent auto-exploring this place.
 F = Levels seen in this place.
 G = Mean time per level.
                   A        B        C        D        E       F      G
               +--------+--------+--------+--------+--------+-----+--------+
         Total |   2226 |   2217 |      9 |    732 |   1170 |   2 | 1113.0 |
       Dungeon |   2226 |   2217 |      9 |    732 |   1170 |   2 | 1113.0 |
               +--------+--------+--------+--------+--------+-----+--------+

Top non-repeatable levels by time:
     D:1: 2066 daAuts
     D:2: 159 daAuts

Table legend:
 A = Non-vault XP
 B = Vault XP
 C = Vault XP percentage of total XP
 D = Non-vault monster count
 E = Vault monster count
 F = Vault count percentage of total count
                 A         B        C        D         E       F
            +---------+---------+-------+---------+---------+-------
      Total |      39 |      35 |  47.3 |      27 |      11 |  28.9
            +---------+---------+-------+---------+---------+-------
        D:1 |      38 |      35 |  47.9 |      26 |      11 |  29.7
        D:2 |       1 |       0 |   0.0 |       1 |       0 |   0.0
            +---------+---------+-------+---------+---------+-------
